AoeStats
← 沉淀

Arena

506109466Analyzed
1v1 RM · 20d ago on Sep 12, 2026· 36m 35s· 2 players
Game mode
Random Map
Map size
Tiny (2 player)
Population
200
Speed
Normal
Resources
Standard
Victory
Conquest
Starting age
Dark Age
Ending age
Imperial Age
RankedLock teamsTeams togetherTeam positionsShared explorationLock speedFull tech treeHidden civsTurbo modeCheats
Victory
Defeat
🇬🇧 Chinese · United Kingdom
389
+13
🇨🇳 Mongols · China
331
-13
沉淀
9:31 Feudal Age
14:40 Double-Bit Axe
20:55 Castle Age
19:41 Gold Mining
19:38 Horse Collar
21:05 Loom
26:08 Gold Shaft Mining
25:24 Stone Mining
26:18 Padded Archer Armor
26:53 Stone Mining
29:03 Fletching
30:41 Leather Archer Armor
32:00 Ballistics
31:40 Murder Holes
31:44 Bodkin Arrow
32:29 Wheelbarrow
35:31 Scale Barding Armor
Dimi+Lora
0:31 Loom
15:10 Feudal Age
20:26 Castle Age
18:52 Double-Bit Axe
19:18 Gold Mining
20:43 Padded Archer Armor
20:34 Fletching
27:09 Horse Collar
29:45 Leather Archer Armor
29:25 Bodkin Arrow
31:23 Bow Saw
37:21 Ballistics
Connection lost

Rejoining the realm…

Still unreachable

The connection could not be restored.

Session expired

The server has moved on; the page needs a fresh start.